 Dungeon Crawl Stone Soup version 0.30-a0-652-gcc886f7154 (webtiles) character file.

Game seed: 12052008373662918912

686 BigDaddyOpFi the Sneak (level 7, 0/49 HPs)
             Began as an Octopode Fighter on Jan 17, 2023.
             Was an Initiate of Nemelex Xobeh.
             Slain by Duvessa
             ... wielding a +2 rapier of flaming
              (16 damage)
             ... on level 4 of the Dungeon.
             The game lasted 00:06:54 (2982 turns).

BigDaddyOpFi the Sneak (Octopode Fighter)           Turns: 2982, Time: 00:06:54

Health: 0/49       AC:  1    Str: 17    XL:     7   Next: 62%
Magic:  7/7        EV: 14    Int: 11    God:    Nemelex Xobeh [......]
Gold:   139        SH:  0    Dex: 11    Spells: 6/6 levels left

rFire   . . .      SeeInvis .    e - +4 quarterstaff (chaos)
rCold   . . .      Faith    .    (shield currently unavailable)
rNeg    . . .      Spirit   .    (helmet restricted)
rPois   .          Reflect  .    (no amulet)
rElec   .          Harm     .    (no ring)
rCorr   .          Rampage  .    (no ring)
Will    .....                    (no ring)
Stlth   ++++                     (no ring)
HPRegen 0.28/turn                (no ring)
MPRegen 0.10/turn                (no ring)
                                 (no ring)
                                 (no ring)

@: no status effects
A: almost no armour, amphibious, 8 rings, camouflage 1, gelatinous body 1,
(nimble swimmer 1), tentacles, no potion heal 1
a: Renounce Religion, Draw Escape, Draw Destruction, Draw Summoning


You were on level 4 of the Dungeon.
You worshipped Nemelex Xobeh.
Nemelex Xobeh was noncommittal.
You visited 1 branch of the dungeon, and saw 4 of its levels.

You collected 139 gold pieces.

Inventory:

Hand Weapons
 a - a +0 rapier
 e - a +4 quarterstaff of chaos (weapon)
Missiles
 c - a throwing net (quivered)
Armour
 b - a +0 buckler
Scrolls
 f - a scroll of teleportation


   Skills:
 + Level 4.6 Fighting
 - Level 3.4 Short Blades
 + Level 1.8 Staves
 + Level 4.6 Dodging
 * Level 7.1 Stealth
 - Level 3.0 Shields


You had 6 spell levels left.
You didn't know any spells.
Your spell library contained the following spells:

 Spells                   Type           Power      Damage    Failure   Level
 Beastly Appendage        Tmut           0%         N/A       34%         1
 Wereblood                Tmut           0%         N/A       47%         2
 Spider Form              Tmut/Pois      0%         N/A       71%         3


Dungeon Overview and Level Annotations

Branches:
Dungeon (4/15)             Temple (0/1) D:4

Altars:
Dithmenos
Nemelex Xobeh
Xom

Annotations:
D:4 Duvessa


Innate Abilities, Weirdness & Mutations

You cannot wear most types of armour.
You are amphibious.
You can wear up to eight rings at the same time.
Your skin changes colour to match your surroundings (Stealth+).
Your rubbery body absorbs attacks. (AC +1, EV +1)
((You are camouflaged when in or above water. (Stealth+)))
You have tentacles for arms and can constrict up to eight enemies at once.
Potions are less effective at restoring your health.


Message History

Duvessa, Sister of Dowan comes into view.
She is wielding a +2 rapier of flaming and wearing a +3 chain mail of cold resistance.
An adder comes into view.
You barely miss the orc. You grab the orc. You squeeze the orc!
You kill the orc!
The adder bites you. x2
Things that are here:
a +0 hand axe; an orc corpse You hit the adder.
You feel better.
You grab the adder.
The adder is heavily wounded.
You constrict the adder.
You kill the adder!
Duvessa hits you with a +2 rapier of flaming.
Duvessa burns you.
There is a fountain of clear blue water here.
You hit Duvessa but do no damage. You grab Duvessa. You squeeze Duvessa.
Duvessa is lightly wounded.
You constrict Duvessa, but do no damage.
Duvessa hits you with a +2 rapier of flaming!
Duvessa burns you.
You are too injured to fight recklessly!
You aren't carrying any potions.
As you read the scroll of fear, it crumbles to dust.
You assume a fearsome visage.
Duvessa looks frightened!
You constrict Duvessa.
Duvessa struggles to escape constriction.
You hit Duvessa. You burn Duvessa.
Your attack snaps Duvessa out of her fear.
Duvessa is moderately wounded.
You constrict Duvessa.
Duvessa hits you with a +2 rapier of flaming!
Duvessa burns you.
You hit Duvessa but do no damage. You squeeze Duvessa, but do no damage.
Duvessa is moderately wounded.
You constrict Duvessa, but do no damage.
Duvessa completely misses you.
You hit Duvessa but do no damage.
Duvessa seems to grow stronger.
Duvessa is moderately wounded.
You constrict Duvessa. Duvessa closely misses you.
Duvessa hits you with a +2 rapier of flaming!
You die...
Your body disappears without a glow.

#.# #.# #.# #.#
#####.#
##.....#
.##..###.####
............#
...#..)#.......
#.@.#...####
#e(.###.#
....... .#
..⌠..>..⌠...
#...........#.
#.###...###.#.#
#.. #.⌠.# ...
.# #...# ##


You could see Duvessa (strong).

Vanquished Creatures
  Grinder (D:3)
  Sigmund (D:2)
  An ogre (D:4)
  2 jellies
  Crazy Yiuf (D:2)
  4 adders
  3 worms
  4 dart slugs
  5 orcs
  13 bats
  13 endoplasms
  9 giant cockroaches
  5 goblins
  A hobgoblin (D:1)
  5 jackals
  4 quokkas
  8 ball pythons
  4 frilled lizards
  8 kobolds
  8 rats
  A spectral kobold (D:1)
101 creatures vanquished.

Notes
Turn   | Place    | Note
-------+----------+-------------------------------------------
     0 | D:1      | BigDaddyOpFi the Octopode Fighter began the quest for the
                  | Orb.
     0 | D:1      | Reached XP level 1. HP: 16/16 MP: 1/1
     6 | D:1      | Found a runed translucent door.
    38 | D:1      | Noticed a jelly
    52 | D:1      | Reached skill level 1 in Stealth
    53 | D:1      | Reached XP level 2. HP: 19/21 MP: 2/2
    59 | D:1      | Reached skill level 2 in Stealth
    59 | D:1      | Reached XP level 3. HP: 18/26 MP: 3/3
    71 | D:1      | Reached skill level 3 in Stealth
    76 | D:1      | Reached XP level 4. HP: 23/31 MP: 4/4
   426 | D:1      | Found a faded altar of an unknown god.
   878 | D:2      | Gained mutation: You occasionally shout uncontrollably at
                  | your foes. [potion of mutation]
   878 | D:2      | Gained mutation: You are covered in fur. (AC +1) [potion of
                  | mutation]
  1320 | D:2      | Lost mutation: You occasionally shout uncontrollably at
                  | your foes. [potion of mutation]
  1320 | D:2      | Lost mutation: You are covered in fur. (AC +1) [potion of
                  | mutation]
  1320 | D:2      | Gained mutation: You possess an exceptional clarity of
                  | mind. [potion of mutation]
  1320 | D:2      | Gained mutation: You are frail. (-10% HP) [potion of
                  | mutation]
  1349 | D:2      | Reached skill level 4 in Stealth
  1349 | D:2      | Reached XP level 5. HP: 31/32 MP: 5/5
  1498 | D:2      | Noticed Sigmund
  1951 | D:2      | Found a runed translucent door.
  1952 | D:2      | Noticed Crazy Yiuf
  1958 | D:2      | Killed Crazy Yiuf
  2081 | D:2      | Killed Sigmund
  2082 | D:2      | Reached skill level 5 in Stealth
  2082 | D:2      | Reached XP level 6. HP: 31/38 MP: 6/6
  2275 | D:3      | Noticed Grinder
  2287 | D:3      | Killed Grinder
  2288 | D:3      | Reached skill level 1 in Staves
  2288 | D:3      | Reached skill level 6 in Stealth
  2288 | D:3      | Reached XP level 7. HP: 32/44 MP: 7/7
  2811 | D:3      | Found a shimmering altar of Xom.
  2889 | D:4      | Found a shadowy altar of Dithmenos.
  2890 | D:4      | Found a sparkling altar of Nemelex Xobeh.
  2897 | D:4      | Lost mutation: You are frail. (-10% HP) [potion of
                  | mutation]
  2897 | D:4      | Lost mutation: You possess an exceptional clarity of mind.
                  | [potion of mutation]
  2897 | D:4      | Gained mutation: Potions are less effective at restoring
                  | your health. [potion of mutation]
  2910 | D:4      | Became a worshipper of Nemelex Xobeh the Trickster
  2961 | D:4      | Reached skill level 7 in Stealth
  2971 | D:4      | Found a staircase to the Ecumenical Temple.
  2973 | D:4      | Noticed Duvessa
  2982 | D:4      | Slain by Duvessa

Illustrated notes

Levels and vault maps discovered:
D:1:      dpeg_arrival_caged_fury, layout_loops_ring,
          dreamdust_ecumenical_altar_drowned_temple, grunt_decor_mini_mirrors,
          hangedman_glass_teeth, skrybe_limestone_x, minmay_tree_intersection
D:2:      layout_basic, nrook_campfire, minmay_mini_jars,
          uniq_crazy_yiuf_cottage, uniq_sigmund
D:3:      layout_loops_ring, tgw_xom, kennysheep_potato, uniq_grinder
D:4:      layout_loops_ring, nicolae_overflow_squiral,
          makhleb_altar_promises_db, minmay_temple_entry_junction_2,
          uniq_menkaure, uniq_pikel, uniq_duvessa

Skill      XL: |  1  2  3  4  5  6  7 |
---------------+----------------------+-----
Stealth        | 1 2 3 4 5 6 7 |  7.1
Short Blades   | 3 |  3.4
Fighting       | 4 |  4.6
Dodging        | 4 |  4.6
Staves         | 1 |  1.8
Shields        | |  3.0

Action                   |  1- 3 |  4- 6 |  7- 9 || total
-------------------------+-------+-------+-------++-------
Melee: Rapier            |    29 |    81 |       ||   110
       Tentacles         |     6 |    21 |     7 ||    34
       Constrict         |     5 |    18 |     7 ||    30
       Punch             |       |     2 |     1 ||     3
       Quarterstaff      |       |    15 |    34 ||    49
  Use: Potion            |     2 |     6 |     1 ||     9
       Scroll            |       |     6 |     3 ||     9
 Stab: Sleeping          |       |    21 |    12 ||    33
       Petrified         |       |     2 |       ||     2
Armor: Skin              |     1 |    11 |       ||    12
Dodge: Dodged            |     9 |    45 |    15 ||    69

Table legend: (Time is in decaauts)
 A = Elapsed time spent in this place.
 B = Non-inter-level travel time spent in this place.
 C = Inter-level travel time spent in this place.
 D = Time resting spent in this place.
 E = Time spent auto-exploring this place.
 F = Levels seen in this place.
 G = Mean time per level.
                   A        B        C        D        E       F      G
               +--------+--------+--------+--------+--------+-----+--------+
         Total |   2982 |   2886 |     96 |    325 |   1818 |   4 |  745.5 |
       Dungeon |   2982 |   2886 |     96 |    325 |   1818 |   4 |  745.5 |
               +--------+--------+--------+--------+--------+-----+--------+

Top non-repeatable levels by time:
     D:2: 1225 daAuts
     D:1: 880 daAuts
     D:3: 761 daAuts
     D:4: 115 daAuts
